Map: Galactic Process LE

Players

Hashslinging - Winner!

  • Race: Terran Terran
  • League: Platinum
  • Spawn Location: 1:00

Fropez

  • Race: Protoss Protoss
  • League: Gold
  • Spawn Location: 7:00

VOD

Have the link to the VOD?

Description

Time

  • Played on: Nov. 7, 2016, 12:51 p.m.
  • Length: 7:23
Show
View Real Time Build Order
Export as new Build Order

Hashslinging Terran - Winner!

Build Orders:  

Get SALT Encoding   

  12  0:00  SCV  
  13  0:12  SCV  
  14  0:18  Supply Depot  
  14  0:27  SCV  
  15  0:37  Refinery  
  15  0:40  SCV  
  16  0:52  SCV  
  16  0:53  Barracks  
  17  0:59  Barracks  
  17  1:04  SCV  
  18  1:15  Barracks  
  18  1:16  SCV  
  19  1:28  SCV  
  20  1:40  SCV  
  21  1:49  Barracks Reactor  
  21  1:51  Barracks  
  21  2:06  Supply Depot  
  21  2:10  Barracks Reactor  
  21  2:13  Barracks  
  21  2:24  Marine x2  
  21  2:29  Supply Depot  
  23  2:42  Barracks Tech Lab  
  23  2:49  Marine x2  
  23  2:51  Marine x2  
  25  2:52  Supply Depot  
  27  3:00  Combat Shields  
  27  3:03  Barracks Reactor  
  27  3:07  Marine x2  
  27  3:09  Marine x2  
  32  3:16  Marauder  
  33  3:25  Marine x2  
  33  3:26  Marine  
  36  3:57  Marine x4  
  40  4:21  Marine  
  40  4:38  Marauder  
  40  4:40  Marine x6  
  46  4:58  Marine x2  
  46  4:59  Marine x3  
  47  5:00  Marine  
  47  5:03  Marauder  
  43  5:15  Marine  
  43  5:16  Marine x2  
  43  5:17  Marine  
  43  5:18  Marine  
  37  5:38  Marine  
  37  5:39  Marine x6  
  42  5:56  Marine  
  42  5:57  Marine x6  
  45  6:14  Marine x2  
  45  6:15  Marine  
  47  6:18  Marine  
  47  6:19  Marine  
  47  6:23  Marine  
  47  6:52  Marine  
Show
View Real Time Build Order
Export as new Build Order

Fropez Protoss 

Build Orders:  

Get SALT Encoding   

  12  0:01  Probe (Chrono Boost)  
  13  0:11  Probe (Chrono Boost)  
  14  0:19  Pylon  
  14  0:22  Probe (Chrono Boost)  
  15  0:37  Probe (Chrono Boost)  
  15  0:40  Gateway  
  16  0:47  Assimilator  
  16  0:48  Probe (Chrono Boost)  
  17  0:58  Probe (Chrono Boost)  
  17  1:02  Gateway  
  18  1:11  Probe (Chrono Boost)  
  18  1:14  Assimilator  
  19  1:22  Probe (Chrono Boost)  
  19  1:25  Pylon  
  20  1:34  Cybernetics Core  
  20  1:35  Probe (Chrono Boost)  
  21  1:46  Probe (Chrono Boost)  
  22  2:06  Nexus  
  22  2:17  Adept  
  22  2:19  Adept  
  26  2:26  Mothership Core (Chrono Boost)  
  28  2:30  Assimilator  
  28  2:42  Warp Gate (Chrono Boost)  
  29  2:51  Probe (Chrono Boost)  
  29  3:02  Probe (Chrono Boost)  
  29  3:03  Pylon  
  30  3:05  Pylon  
  30  3:12  Probe (Chrono Boost)  
  31  3:23  Probe (Chrono Boost)  
  30  3:32  Pylon  
  30  3:34  Pylon  
  30  3:35  Pylon  
  28  3:42  Pylon  
  28  3:44  Pylon  
  28  3:59  Adept x2  
  32  4:07  Gateway  
  32  4:31  Gateway  
  32  4:40  Probe  
  33  4:48  Stalker x2  
  33  5:06  Mothership Core  
  33  5:07  Probe  
  33  5:13  Adept  
  33  5:14  Adept x2  
  40  5:19  Probe  
  31  5:37  Stalker x2  
  31  5:38  Stalker  
  36  5:53  Probe  
  36  5:54  Probe  
  33  6:10  Zealot  
  33  6:11  Zealot x2  
  31  6:19  Zealot x3  
  25  6:37  Gateway  
  25  6:38  Probe  
  25  6:39  Gateway  
  27  6:41  Gateway  
  27  6:44  Pylon  
  27  6:47  Pylon  
  26  6:51  Pylon  
  26  6:53  Pylon  
  20  6:56  Pylon  
  20  6:59  Pylon  
  21  7:10  Adept x2  
Tags
 
Add a new tag
Caveats
  • Supply blocks, unpowered buildings, or Contaminate may cause inaccurate times.
  • Supply counts are checked every 10 seconds.